 Dungeon Crawl Stone Soup version 0.30-a0-341-g682706514a (webtiles) character file.

Game seed: 12692110633909723822

1561 Lobster4 the Magician (level 8, -2/43 HPs)
             Began as a Deep Elf Hedge Wizard on Nov 2, 2022.
             Was an Initiate of Vehumet.
             Slain by a wyvern (12 damage)
             ... on level 6 of the Dungeon on Nov 3, 2022.
             The game lasted 00:34:24 (8114 turns).

Lobster4 the Magician (Deep Elf Hedge Wizard)       Turns: 8114, Time: 00:34:24

Health: -2/43      AC:  6    Str:  7    XL:     8   Next: 58%
Magic:  5/19       EV: 13    Int: 22    God:    Vehumet [......]
Gold:   274        SH:  7    Dex: 14    Spells: 12/20 levels left

rFire   . . .      SeeInvis .    t - +0 dagger (venom)
rCold   . . .      Faith    .    i - +3 warlock's mirror {reflect}
rNeg    . . .      Spirit   .    u - +0 robe
rPois   .          Reflect  +    r - +1 hat
rElec   .          Harm     .    (no cloak)
rCorr   .          Rampage  .    E - +1 pair of gloves
Will    .....                    D - +0 pair of boots
Stlth   +++.......               A - amulet of the acrobat
HPRegen 0.27/turn                (no ring)
MPRegen 0.16/turn                (no ring)

@: no status effects
A: no striking features
a: Renounce Religion


You were on level 6 of the Dungeon.
You worshipped Vehumet.
Vehumet was noncommittal.
You visited 2 branches of the dungeon, and saw 7 of its levels.

You collected 274 gold pieces.

Inventory:

Hand Weapons
 a - a +1 hand axe of flaming
 b - a +0 sling
 c - a +1 dagger of protection
 t - a +0 dagger of venom (weapon)
 z - a +2 dagger of holy wrath
 B - a +0 lajatang
Missiles
 j - 2 throwing nets
 y - 16 poisoned darts (quivered)
 H - a curare-tipped dart
Armour
 i - the +3 warlock's mirror (worn) {reflect}
   (You acquired it on level 5 of the Dungeon)

   It can block and reflect piercing ranged attacks and magical attacks against
   the wielder's willpower.
 l - a +0 leather armour
 r - a +1 hat (worn)
 u - a +0 robe (worn)
 D - a +0 pair of boots (worn)
 E - a +1 pair of gloves (worn)
Jewellery
 A - an amulet of the acrobat (around neck)
 G - a ring of see invisible
Wands
 s - a wand of mindburst (11)
Scrolls
 h - a scroll of noise {unknown}
 k - a scroll of poison
 p - a scroll of butterflies {unknown}
 q - a scroll of enchant armour {unknown}
 v - a scroll of summoning {unknown}
 w - 2 scrolls of teleportation
 F - a scroll of amnesia {unknown}
Potions
 d - a potion of magic
 e - a potion of flight
 f - 5 potions of curing
 g - 2 potions of brilliance
 m - a potion of resistance {unknown}
 n - a potion of haste
 o - 3 potions of heal wounds
 x - a potion of lignification
 C - a potion of berserk rage


   Skills:
 - Level 1.0 Fighting
 - Level 1.0 Short Blades
 - Level 1.0 Axes
 - Level 1.0 Staves
 - Level 1.0 Ranged Weapons
 - Level 1.0 Throwing
 + Level 2.5 Armour
 + Level 4.8 Dodging
 + Level 5.1 Stealth
 + Level 1.6 Shields
 + Level 6.5 Spellcasting
 + Level 3.9 Conjurations
 + Level 3.8 Hexes
 - Level 3.0 Summonings
 - Level 3.0 Translocations
 + Level 1.7 Ice Magic
 + Level 2.7 Evocations


You had 12 spell levels left.
You knew the following spells:

 Your Spells              Type           Power      Damage    Failure   Level
a - Magic Dart            Conj           96%        1d7       2%          1
b - Slow                  Hex            96%        N/A       2%          1
c - Call Imp              Summ           20%        N/A       4%          2
d - Blink                 Tloc           40%        N/A       4%          2
e - Ensorcelled Hibernat  Hex/Ice        38%        N/A       5%          2

Your spell library contained the following spells:

 Spells                   Type           Power      Damage    Failure   Level
 Inner Flame              Hex/Fire       15%        N/A       16%         3
 Cigotuvi's Dreadful Rot  Necr/Pois/Air  14%        N/A       17%         2
 Passwall                 Tmut/Erth      5%         N/A       17%         2
 Mephitic Cloud           Conj/Pois/Air  12%        N/A       21%         3
 Swiftness                Air            7%         N/A       34%         3
 Flame Wave               Conj/Fire      15%        2d7       45%         4
 Sticky Flame             Conj/Fire      15%        2d4       45%         4


Dungeon Overview and Level Annotations

Branches:
Dungeon (6/15)             Temple (1/1) D:5

Altars:
Ashenzari
Cheibriados
Dithmenos
Elyvilon
Fedhas
Gozag
Hepliaklqana
Kikubaaqudgha
Makhleb
Nemelex Xobeh
Okawaru
Qazlal
Ru
Sif Muna
Trog
Uskayaw
Vehumet
Wu Jian
Xom
Yredelemnul
Zin
The Shining One

Shops:
D:6 :

Annotations:
D:3 2 transporters, retardedninja's ghost, amateur HOFi


Message History

Press: ? - help, Shift-Dir - straight line, f/p - wyvern
Aim: a wyvern (moderately wounded, ally target, 100% to hit)
The magic dart hits the wyvern.
The wyvern is heavily wounded.
The wyvern bites you.
Your iron imp hits the wyvern!
The wyvern bites you.
* * * LOW HITPOINT WARNING * * *
Casting: Magic Dart (safe; 2% risk of failure)
Confirm with . or Enter, or press ? or * to list all spells.
You blink.
Found a potion of curing.
Unknown command.
Casting: Blink (safe; 4% risk of failure)
Confirm with . or Enter, or press ? or * to list all spells.
Aiming: Magic Dart (safe; 2% risk of failure)
Press: ? - help, Shift-Dir - straight line, f/p - wyvern
Aim: a wyvern (severely wounded, ally target, 100% to hit)
The magic dart hits the wyvern.
The wyvern is severely wounded.
You block the wyvern's attack.
Your iron imp hits the wyvern but does no damage.
Casting: Magic Dart (safe; 2% risk of failure)
Confirm with . or Enter, or press ? or * to list all spells.
You are still too unstable to blink.
Casting: Blink (safe; 4% risk of failure)
Confirm with . or Enter, or press ? or * to list all spells.
Aiming: Magic Dart (safe; 2% risk of failure)
Press: ? - help, Shift-Dir - straight line, f/p - wyvern
Aim: a wyvern (severely wounded, ally target, 100% to hit)
The magic dart hits the wyvern.
The wyvern is almost dead.
The wyvern closely misses you.
Casting: Magic Dart (safe; 2% risk of failure)
Confirm with . or Enter, or press ? or * to list all spells.
Aiming: Magic Dart (safe; 2% risk of failure)
Press: ? - help, Shift-Dir - straight line, f/p - wyvern
Aim: a wyvern (almost dead, ally target, 100% to hit)
The magic dart hits the wyvern.
The wyvern is almost dead.
You feel stable enough to blink again. The wyvern bites you!
You die...

#..............
#.###.#........
###.##..#........
....##.##........
#####..########## ######
..# #.############......
#.###..................!
..##....................
##.............l@..#
...##.........5.........
..###...................
..# #..)................
..#####)#########.......
####..#'#...............
####..'∩'...K...........
......#'#.K....l........
^............l...


You could see a wyvern (ally target) and a friendly iron imp (summoned).

Vanquished Creatures
  An ice beast (D:5)
  2 ogres
  A centaur (D:5)
  2 bullfrogs (D:6)
  A necrophage (D:6)
  2 scorpions (D:6)
  A howler monkey (D:5)
  A hound (D:4)
  A jelly (D:5)
  An orc wizard (D:6)
  2 iguanas
  A gnoll (D:3)
  6 adders
  3 ufetubi
  A worm (D:2)
  5 dart slugs
  3 orcs
  9 endoplasms
  4 giant cockroaches
  4 hobgoblins
  2 jackals (D:5)
  6 kobolds
  2 quokkas
  15 ball pythons
  9 bats
  3 frilled lizards
  12 goblins
  6 rats
106 creatures vanquished.

Vanquished Creatures (collateral kills)
  A water moccasin (D:6)
  An ice beast (D:6)
  A centaur (D:5)
  A kobold brigand (D:6)
  A hound (D:5)
  3 iguanas
  2 orc wizards (D:6)
  3 gnolls (D:3)
  An adder (D:2)
  A worm (D:2)
  7 orcs
  A ball python (D:4)
  An endoplasm (D:2)
  A giant cockroach (D:2)
  2 jackals (D:5)
  A bat (D:2)
28 creatures vanquished.

Grand Total: 134 creatures vanquished

Notes
Turn   | Place    | Note
-------+----------+-------------------------------------------
     0 | D:1      | Lobster4 the Deep Elf Hedge Wizard began the quest for the
                  | Orb.
     0 | D:1      | Reached XP level 1. HP: 10/10 MP: 7/7
     2 | D:1      | Learned a level 1 spell: Slow
   348 | D:1      | Reached XP level 2. HP: 15/15 MP: 1/9
   351 | D:1      | Learned a level 2 spell: Blink
   354 | D:1      | Learned a level 2 spell: Call Imp
   918 | D:1      | Reached skill level 1 in Hexes
  1292 | D:1      | Reached XP level 3. HP: 19/19 MP: 7/11
  1714 | D:2      | Found a faded altar of an unknown god.
  2342 | D:2      | Reached skill level 1 in Short Blades
  2342 | D:2      | Reached XP level 4. HP: 17/24 MP: 9/12
  3651 | D:3      | Reached XP level 5. HP: 28/28 MP: 9/14
  3915 | D:3      | Found a transporter.
  4084 | D:3      | Found a transporter.
  4088 | D:3      | Noticed retardedninja's ghost (amateur HOFi)
  4311 | D:4      | Reached skill level 5 in Spellcasting
  4362 | D:4      | Reached skill level 1 in Armour
  5449 | D:4      | Reached XP level 6. HP: 14/32 MP: 13/15
  5672 | D:5      | Entered Level 5 of the Dungeon
  5694 | D:5      | Found a hazy altar of Hepliaklqana.
  5905 | D:5      | Found a staircase to the Ecumenical Temple.
  5915 | Temple   | Entered the Ecumenical Temple
  5953 | Temple   | Became a worshipper of Vehumet
  6067 | D:5      | Reached XP level 7. HP: 16/37 MP: 10/17
  6209 | D:5      | Reached skill level 1 in Evocations
  6318 | D:5      | Found a blossoming altar of Fedhas.
  6318 | D:5      | Found an iron altar of Okawaru.
  6406 | D:5      | Identified a scroll of acquirement
  6406 | D:5      | Acquired the +3 warlock's mirror {reflect}
  6406 | D:5      | Found the +3 warlock's mirror {reflect}
  6652 | D:5      | Reached skill level 1 in Fighting
  6652 | D:5      | Reached skill level 1 in Throwing
  6816 | D:5      | Reached skill level 1 in Axes
  7125 | D:6      | Reached skill level 1 in Ranged Weapons
  7125 | D:6      | Reached skill level 6 in Spellcasting
  7156 | D:6      | Learned a level 2 spell: Ensorcelled Hibernation
  7328 | D:6      | Identified the +3 ring mail of the Grue {Int+3 SInv}
  7450 | D:6      | Reached XP level 8. HP: 43/43 MP: 11/19
  7457 | D:6      | Reached skill level 1 in Shields
  7603 | D:6      | Reached skill level 1 in Staves
  7740 | D:6      | Reached skill level 1 in Ice Magic
  7795 | D:6      | Reached skill level 5 in Stealth
  7874 | D:6      | Found Pyorch's Book Shoppe.
  8114 | D:6      | Slain by a wyvern

Illustrated notes

Levels and vault maps discovered:
D:1:      lemuel_arrival_rhombus, layout_basic, minmay_shallow_snake_nest
D:2:      layout_loops_cross, dreamdust_ecumenical_altar_statues,
          chequers_serial_rivers_micro_a, minmay_small_reverse_x
D:3:      layout_loops_ring, gammafunk_ghost_mausoleum
D:4:      layout_loops_ring, minmay_puff
D:5:      layout_loops_ring, chequers_temple_overflow_statue_of_worship,
          kennysheep_little_box, minmay_temple_entry_statues
D:6:      layout_basic, serial_shops, nicolae_shop_behind_doors,
          skrybe_limestone_x, minivault_1
Temple:   hellmonk_temple_of_storms

Skill      XL: |  1  2  3  4  5  6  7  8 |
---------------+-------------------------+-----
Hexes          | 1 2 3 |  3.8
Stealth        | 3 4 5 |  5.1
Short Blades   | 1 |  1.0
Dodging        | 3 4 |  4.8
Translocations | 2 3 |  3.0
Conjurations   | 2 3 |  3.9
Summonings     | 2 3 |  3.0
Spellcasting   | 5 6 |  6.5
Armour         | 1 2 |  2.5
Evocations     | 2 |  2.7
Fighting       | 1 |  1.0
Throwing       | 1 |  1.0
Axes           | 1 |  1.0
Ranged Weapons | 1 |  1.0
Shields        | 1 |  1.6
Staves         | 1 |  1.0
Ice Magic      | 1 |  1.7

Action                   |  1- 3 |  4- 6 |  7- 9 || total
-------------------------+-------+-------+-------++-------
Melee: Dagger            |     2 |     8 |    81 ||    91
       Hand axe          |     4 |    23 |       ||    27
 Cast: Magic Dart        |   112 |   109 |    64 ||   285
       Slow              |     2 |     9 |    12 ||    23
       Call Imp          |     1 |    26 |    30 ||    57
       Blink             |       |       |     2 ||     2
Evoke: Wand              |       |     2 |       ||     2
  Use: Scroll            |       |     6 |     6 ||    12
 Stab: Sleeping          |       |     3 |     2 ||     5
       Distracted        |       |       |     1 ||     1
Armor: Robe              |     4 |    15 |    37 ||    56
Dodge: Dodged            |    19 |    78 |    52 ||   149
Block: Buckler           |       |       |    31 ||    31

Table legend: (Time is in decaauts)
 A = Elapsed time spent in this place.
 B = Non-inter-level travel time spent in this place.
 C = Inter-level travel time spent in this place.
 D = Time resting spent in this place.
 E = Time spent auto-exploring this place.
 F = Levels seen in this place.
 G = Mean time per level.
                   A        B        C        D        E       F      G
               +--------+--------+--------+--------+--------+-----+--------+
         Total |   8123 |   7789 |    334 |   1672 |   4509 |   7 | 1160.4 |
       Dungeon |   8078 |   7744 |    334 |   1672 |   4491 |   6 | 1346.3 |
        Temple |     44 |     44 |      0 |      0 |     18 |   1 |   44.0 |
               +--------+--------+--------+--------+--------+-----+--------+

Top non-repeatable levels by time:
     D:1: 1763 daAuts
     D:4: 1587 daAuts
     D:2: 1439 daAuts
     D:5: 1159 daAuts
     D:3: 1077 daAuts
     D:6: 1051 daAuts
  Temple: 44 daAuts
